 Dungeon Crawl Stone Soup version 0.30-a0-168-g0b976cbdc4 (webtiles) character file.

Game seed: 1229950913895670806

147 qw the Chopper (level 5, -1/32 HPs)
             Began as a Gargoyle Fighter on Sept 29, 2022.
             Slain by a lemure (3 damage)
             ... led by Pikel
             ... on level 4 of the Dungeon.
             The game lasted 00:01:14 (2940 turns).

qw the Chopper (Gargoyle Fighter)                   Turns: 2940, Time: 00:01:15

Health: -1/32      AC: 18    Str: 21    XL:     5   Next: 29%
Magic:  0/5        EV:  7    Int:  9    God:
Gold:   175        SH:  4    Dex:  9    Spells: 4/4 levels left

rFire   . . .      SeeInvis .    Y - +0 war axe (drain)
rCold   + . .      Faith    .    c - +0 buckler
rNeg    + . .      Spirit   +    h - +0 chain mail
rPois   inf        Reflect  .    (no helmet)
rElec   +          Harm     .    (no cloak)
rCorr   .          Rampage  .    g - +0 pair of gloves
Will    .....                    (no boots)
Stlth   ..........               l - amulet of guardian spirit
HPRegen 0.10/turn                a - +4 ring of protection
MPRegen 0.09/turn                q - ring of protection from cold

@: no status effects
A: sickness immunity, AC +4, negative energy resistance 1, electricity
resistance, torment resistance 1, petrification resistance
a: no special abilities


You were on level 4 of the Dungeon.
You visited 1 branch of the dungeon, and saw 4 of its levels.

You collected 175 gold pieces.


Innate Abilities, Weirdness & Mutations

You are immune to sickness and miasma.
Your stone body is resilient. (AC +4)
You are immune to poison.
You resist negative energy. (rN+)
You are resistant to electric shocks. (rElec)
You are resistant to unholy torment.
You are immune to petrification.


   Skills:
 - Level 3.2 Fighting
 + Level 4.8 Axes
 - Level 3.2 Armour
 - Level 3.2 Shields


You had 4 spell levels left.
You didn't know any spells.
Your spell library was empty.

Inventory:

Hand Weapons
 n - a +1 mace of holy wrath
 Y - a +0 war axe of draining (weapon)
Armour
 c - a +0 buckler (worn)
 g - a +0 pair of gloves (worn)
 h - a +0 chain mail (worn)
Jewellery
 a - a +4 ring of protection (left hand)
 i - a ring of resist corrosion
 l - an amulet of guardian spirit (around neck)
 q - a ring of protection from cold (right hand)
Scrolls
 b - 2 scrolls of identify
 e - a scroll of teleportation {unknown}
Potions
 d - a potion of might
 j - a potion of curing
 k - a potion of berserk rage {unknown}
 m - a potion of mutation {unknown}
 r - a potion of heal wounds {unknown}
 s - a potion of lignification {unknown}

Dungeon Overview and Level Annotations

Branches:
Dungeon (4/15)
 Temple: D:4-7

Altars:

Annotations:
D:4 Pikel


Message History

You hit the lemure.
The lemure is severely wounded.
You barely miss Pikel. You hit the lemure. x3
The lemure hits you but does no damage. x2; Pikel barely misses you.
The lemure hits you but does no damage. x2
You slash the lemure!
You kill the lemure!
That felt strangely unrewarding.
You hit Pikel. You drain Pikel. You barely miss the lemure. You hit the lemure.
You barely miss the lemure.
The lemure hits you but does no damage. x2; You block Pikel's attack.
The lemure hits you but does no damage.
You hit Pikel.
Pikel is almost dead.
You hit the lemure but do no damage. You slash the lemure! x2
The lemure hits you but does no damage. You block Pikel's attack.
The lemure hits you but does no damage. x2; The lemure barely misses you. x2
You block the lemure's attack. Pikel hits you but does no damage.
You closely miss Pikel.
Pikel is almost dead.
You hit the lemure. You miss the lemure. You closely miss the lemure.
The lemure hits you. x2; Pikel hits you but does no damage.
The lemure hits you but does no damage.
You miss Pikel.
Pikel is almost dead.
You barely miss the lemure. You closely miss the lemure.
You hit the lemure but do no damage. The lemure completely misses you.
The lemure barely misses you.
Pikel hits you with a +0 whip of freezing.
The lemure hits you but does no damage.
You closely miss Pikel.
Pikel is almost dead.
You closely miss the lemure. x2; You hit the lemure.
The lemure hits you but does no damage. You block Pikel's attack.
The lemure hits you but does no damage. x2; The lemure closely misses you.
The lemure hits you but does no damage. x2; Pikel barely misses you.
You hit Pikel but do no damage.
Pikel is almost dead.
You barely miss the lemure. You hit the lemure. You completely miss the lemure.
The lemure hits you but does no damage. The lemure hits you.
You die...

.##...##....#
.##...##....#.....#
.##....#....#.....#
.......#....#.....#
.......#....#.....#
.##...##....#.....# #
.##...##....#.....# .#
.##...##....#.....# ..###
.##...##....#...@K#......
............'..555'......
.##...##....#.....#......
.#######....#.....# .....
.##...#.....#.....######.
###...#.....#..........#
..#...#.....+..........#
..'...#.....#..........#
..#...####'##..........#


You could see Pikel (very drained) and 3 lemures.

Vanquished Creatures
  A lemure (D:4)
  Terence (D:2)
  3 adders
  An ufetubus (D:4)
  2 orcs (D:3)
  6 ball pythons
  3 bats
  10 endoplasms
  3 giant cockroaches
  11 goblins
  5 hobgoblins
  10 jackals
  6 kobolds
  3 quokkas
  6 frilled lizards
  5 rats
76 creatures vanquished.

Vanquished Creatures (others)
  A fungus (D:1)
  A plant (D:1)
2 creatures vanquished.

Grand Total: 78 creatures vanquished

Notes
Turn   | Place    | Note
-------+----------+-------------------------------------------
     0 | D:1      | qw the Gargoyle Fighter began the quest for the Orb.
     0 | D:1      | Reached XP level 1. HP: 14/14 MP: 1/1
     0 | D:1      | 0 ||| qw: Version: 0.2-a-12-gaebbb33
     0 | D:1      | 0 ||| qw: Game counter: 1151
     0 | D:1      | 0 ||| qw: Always use a shield: true
     0 | D:1      | 0 ||| qw: God list: Okawaru
     0 | D:1      | 0 ||| qw: Allow faded altars: false
     0 | D:1      | 0 ||| qw: Do Orc after D:15 true
     0 | D:1      | 0 ||| qw: Do second Lair branch before Depths: true
     0 | D:1      | 0 ||| qw: Lair rune preference: random
     0 | D:1      | 0 ||| qw: Plans: Normal, Zot:1-4, God:TSO, Crypt, Tomb,
                  | Pan, Slime:5, Hells, Abyss, Orb
     0 | D:1      | 0 ||| PLANNING D:1-11
    48 | D:1      | Reached skill level 2 in Axes
    78 | D:1      | 78 ||| Stepping ~*~*~tactically~*~*~ (stealth).
    80 | D:1      | Reached XP level 2. HP: 19/19 MP: 2/2
   330 | D:1      | 330 ||| Stepping ~*~*~tactically~*~*~ (stealth).
   425 | D:1      | Found a faded altar of an unknown god.
   444 | D:1      | Reached skill level 3 in Axes
   556 | D:1      | Reached XP level 3. HP: 23/23 MP: 3/3
   694 | D:1      | 694 ||| Stepping ~*~*~tactically~*~*~ (stealth).
   941 | D:1      | 941 ||| UPGRADING to +0 chain mail.
   951 | D:1      | 951 ||| DROPPING +0 scale mail.
   952 | D:1      | 952 ||| READING scroll labelled IZITHA UTEMUCW.
   953 | D:1      | 953 ||| READING scroll labelled WOOSOA TEEHU.
   954 | D:1      | 954 ||| READING scroll labelled JEILLA ALASECW.
   955 | D:1      | 955 ||| READING scroll labelled GAAQAGG PEMAEN.
  1084 | D:2      | 1084 ||| Stepping ~*~*~tactically~*~*~ (stealth).
  1386 | D:2      | Reached XP level 4. HP: 28/28 MP: 4/4
  1439 | D:2      | Noticed Terence
  1440 | D:2      | 1440 ||| Stepping randomly (stuck).
  1441 | D:2      | 1441 ||| Stepping randomly (stuck).
  1442 | D:2      | 1442 ||| Stepping randomly (stuck).
  1443 | D:2      | 1443 ||| Stepping randomly (stuck).
  1444 | D:2      | 1444 ||| Stepping randomly (stuck).
  1452 | D:2      | Killed Terence
  1453 | D:2      | Reached skill level 4 in Axes
  1866 | D:2      | 1866 ||| UPGRADING to +0 pair of gloves.
  1871 | D:2      | 1871 ||| UPGRADING to amulet of guardian spirit.
  1876 | D:2      | 1876 ||| UPGRADING to +4 ring of protection.
  1877 | D:2      | 1877 ||| READING scroll labelled UJUROTTYSED.
  1878 | D:2      | 1878 ||| READING scroll labelled NUAMPO NUPI.
  2158 | D:3      | 2158 ||| DROPPING +0 whip.
  2316 | D:3      | 2316 ||| Stepping ~*~*~tactically~*~*~ (stealth).
  2318 | D:3      | 2318 ||| Stepping ~*~*~tactically~*~*~ (stealth).
  2319 | D:3      | 2319 ||| Stepping ~*~*~tactically~*~*~ (stealth).
  2327 | D:3      | 2327 ||| Stepping ~*~*~tactically~*~*~ (stealth).
  2333 | D:3      | Reached XP level 5. HP: 30/32 MP: 3/5
  2672 | D:3      | 2672 ||| UPGRADING to ring of resist corrosion.
  2673 | D:3      | 2673 ||| DROPPING ring of flight.
  2674 | D:3      | 2674 ||| UPGRADING to ring of protection from cold.
  2676 | D:3      | 2676 ||| READING scroll labelled ONAX MECZEIZ.
  2677 | D:3      | 2677 ||| READING 2 scrolls labelled PIET MYJIYF.
  2678 | D:3      | 2678 ||| READING 3 scrolls of identify.
  2678 | D:3      | 2678 ||| IDENTIFYING viscous ruby potion
  2679 | D:3      | 2679 ||| READING 2 scrolls of identify.
  2679 | D:3      | 2679 ||| IDENTIFYING lumpy amethyst potion
  2680 | D:3      | 2680 ||| DROPPING potion of ambrosia.
  2681 | D:3      | 2681 ||| DROPPING scroll of fear.
  2922 | D:4      | Noticed Pikel
  2922 | D:4      | Noticed a lemure
  2922 | D:4      | Noticed a lemure
  2922 | D:4      | Noticed a lemure
  2924 | D:4      | Noticed a lemure
  2925 | D:4      | 2925 ||| Stepping ~*~*~tactically~*~*~ (stealth).
  2932 | D:4      | HP: 8/32 [lemure[Pikel] (7)]
  2935 | D:4      | Killed a lemure
  2937 | D:4      | HP: 7/32 [lemure[Pikel] (2)]
  2938 | D:4      | HP: 2/32 [Pikel/+0 whip of freezing (3)]
  2940 | D:4      | Slain by a lemure

Levels and vault maps discovered:
D:1:      ncdulo_halloftheorcs, layout_loops_ring,
          shapermc_ecumenical_altar_ellora
D:2:      layout_rooms, hangedman_glass_teeth, small_statue_intersection,
          uniq_terence
D:3:      layout_basic
D:4:      layout_gridville, uniq_pargi, uniq_pikel

Skill      XL: |  1  2  3  4 |
---------------+-------------+-----
Axes           | 2 3 4 |  4.8
Fighting       | |  3.2
Armour         | |  3.2
Shields        | |  3.2

Action                   |  1- 3 |  4- 6 || total
-------------------------+-------+-------++-------
Melee: War axe           |   120 |   101 ||   221
  Use: Scroll            |     4 |     6 ||    10
Armor: Scale mail        |    47 |       ||    47
       Chain mail        |    28 |    85 ||   113
Dodge: Dodged            |    62 |    38 ||   100
Block: Buckler           |    25 |    21 ||    46

Table legend:
 A = Non-vault XP
 B = Vault XP
 C = Vault XP percentage of total XP
 D = Non-vault monster count
 E = Vault monster count
 F = Vault count percentage of total count
                 A         B        C        D         E       F
            +---------+---------+-------+---------+---------+-------
      Total |     173 |      38 |  18.0 |      74 |       1 |   1.3
            +---------+---------+-------+---------+---------+-------
        D:1 |      49 |       0 |   0.0 |      27 |       0 |   0.0
        D:2 |      51 |      38 |  42.7 |      23 |       1 |   4.2
        D:3 |      37 |       0 |   0.0 |      20 |       0 |   0.0
        D:4 |      36 |       0 |   0.0 |       4 |       0 |   0.0
            +---------+---------+-------+---------+---------+-------
